 Dungeon Crawl Stone Soup version 0.31-a0-851-g7ff8af7976 (webtiles) character file.

Game seed: 14244901931689402959

35 miscthings the Changeling (level 3, 0/15 HPs)
             Began as a Felid Shapeshifter on Oct 2, 2023.
             Slain by an adder (3 damage)
             ... on level 2 of the Dungeon on Oct 7, 2023.
             The game lasted 00:03:45 (528 turns).

miscthings the Changeling (Felid Shapeshifter)       Turns: 528, Time: 00:03:45

Health: 0/15       AC:  1    Str: 12    XL:     3   Next: 17%
Magic:  4/4        EV: 17    Int: 11    God:
Gold:   41         SH:  0    Dex: 15    Spells: 2/2 levels left
                                        Lives:  0   Deaths: 1

rFire   . .          .
                       - Unarmed
rCold   . . .        (shield unavailable)
rNeg    . . .        (body armour unavailable)
rPois   .            (helmet unavailable)
rElec   .            (cloak unavailable)
rCorr   .            (gloves unavailable)
SInv    +            (boots unavailable)
Will    .....        (no amulet)
Stlth   +            (no ring)
HPRegen 0.22/turn    (no ring)
MPRegen 0.09/turn

%: no passive effects
@: lethally poisoned (0 -> -2), beast-form, quick
A: beast (slay +2), very small, claws 1, fangs 3, see invisible, speed 1, shaggy
fur 1, stealthy paws, no weapons or thrown items, no armour, multi-lived
a: Begin Untransformation


You were on level 2 of the Dungeon.
You were a hulking beast.
You visited 1 branch of the dungeon, and saw 2 of its levels.

You collected 41 gold pieces.

Inventory:

Talismans
 b - a beast talisman (active)
 c - a flux talisman
Scrolls
 e - a scroll of amnesia {unknown}
 h - a scroll of blinking {unknown}
 j - a scroll of revelation {unknown}
 l - a scroll of teleportation {unknown}
Potions
 a - a potion of lignification
 d - a potion of brilliance {unknown}
 f - a potion of enlightenment {unknown}
 g - a potion of haste {unknown}
 i - a potion of magic {unknown}
 k - a potion of curing {unknown}


   Skills:
 - Level 1.0 Fighting
 - Level 2.6 Dodging
 - Level 3.0 Unarmed Combat
 + Level 4.5 Shapeshifting


You had 2 spell levels left.
You didn't know any spells.
Your spell library was empty.

Dungeon Overview and Level Annotations

Branches:
Dungeon (2/15)

Altars:

Shops:
D:1 (


Innate Abilities, Weirdness & Mutations

You are a hulking beast.
Your limbs bulge with bestial killing power. (Slay +2)
You have sharp claws.
You have razor-sharp teeth.
You have supernaturally acute eyesight. (SInv)
You cover ground quickly. (Speed+)
You are covered in fur. (AC +1)
Your paws help you pounce on unaware monsters.
You are incapable of wielding weapons or throwing items.
You cannot wear armour.
You gain extra lives every three experience levels.


Message History

The quokka is almost dead.
The quokka closely misses you.
You closely miss the quokka. Your bite misses the quokka.
The quokka is almost dead.
The quokka twitches its whiskers.
The quokka bites you.
You are too injured to fight recklessly!
You are too injured to fight recklessly!
You are too injured to fight recklessly!
You are too injured to fight recklessly!
You closely miss the quokka.
The quokka is almost dead.
The quokka barely misses you.
You closely miss the quokka.
The quokka is severely wounded.
The quokka barely misses you.
You claw the quokka!
You kill the quokka!
You see here a quokka corpse.
You pounce on the unaware helpless ball python!
You scratch the ball python.
You kill the ball python!
An adder comes into view.
The adder hisses angrily.
An adder is nearby!
You barely miss the adder. The adder completely misses you.
The adder closely misses you.
You barely miss the adder. The adder bites you.
You are poisoned.
The adder poisons you!
You are too injured to fight recklessly!
You barely miss the adder.
You feel sick. The adder bites you.
You closely miss the adder.
* * * LOW HITPOINT WARNING * * *
You feel sick. The adder barely misses you.
You completely miss the adder. You bite the adder.
The adder is lightly wounded.
* * * LOW HITPOINT WARNING * * *
You feel sick. The adder bites you.
You die...

#.. #. .# #.# #.# #.#
#.# #.###.# #.#
#.##..####.#
#.......##.#
#.##.##.##.########...
##.##.##.##.##.hS......
#..............#####.#.
#..##.##.##..###
#..##.##.##.....
#........###..###
#.###†#### #..# #.# #.#
#..# #<# #.. ...# #.#
#### #.##


You could see an adder.

Vanquished Creatures
  2 dart slugs (D:1)
  5 bats (D:1)
  2 endoplasms (D:1)
  2 hobgoblins (D:1)
  6 kobolds (D:1)
  2 quokkas
  2 ball pythons
  2 frilled lizards (D:1)
  3 goblins (D:1)
  5 rats (D:1)
31 creatures vanquished.

Notes
Turn   | Place    | Note
-------+----------+-------------------------------------------
     0 | D:1      | miscthings the Felid Shapeshifter began the quest for the
                  | Orb.
     0 | D:1      | Reached XP level 1. HP: 9/9 MP: 2/2
    10 | D:1      | Upgraded the game from 0.31-a0-845-g9abc20d24f to
                  | 0.31-a0-851-g7ff8af7976
    90 | D:1      | Reached XP level 2. HP: 12/12 MP: 3/3
   147 | D:1      | Reached skill level 4 in Shapeshifting
   271 | D:1      | Found Bafronus's Weapon Boutique.
   271 | D:1      | Noticed a +0 demon blade
   273 | D:1      | Noticed a +0 demon blade
   382 | D:1      | Reached XP level 3. HP: 15/15 MP: 4/4
   398 | D:1      | Slain by a kobold
   528 | D:2      | Slain by an adder

Illustrated notes

Levels and vault maps discovered:
D:1:      dpeg_arrival_arbitrary_c, layout_rooms, serial_shops,
          nicolae_shop_mannequins
D:2:      cheibrodos_fertilizer, layout_loops_ring, nicolae_grassy_gnolls,
          uniq_sigmund

Skill      XL: |  1  2 |
---------------+-------+-----
Shapeshifting  | 4 |  4.5
Fighting       | |  1.0
Dodging        | |  2.6
Unarmed Combat | |  3.0

Action                     || total
---------------------------++-------
  Melee: Unarmed           ||    75
         Bite              ||     7
         Punch             ||     1
Ability: Begin Untransform ||     1
   Stab: Sleeping          ||     2
 Armour: Skin              ||    26
  Dodge: Dodged            ||    55
   Form: Beast             ||     1

Table legend: (Time is in decaauts)
 A = Elapsed time spent in this place.
 B = Non-inter-level travel time spent in this place.
 C = Inter-level travel time spent in this place.
 D = Time resting spent in this place.
 E = Time spent auto-exploring this place.
 F = Levels seen in this place.
 G = Mean time per level.
                   A        B        C        D        E       F      G
               +--------+--------+--------+--------+--------+-----+--------+
         Total |    439 |    435 |      4 |      0 |    227 |   2 |  219.5 |
       Dungeon |    439 |    435 |      4 |      0 |    227 |   2 |  219.5 |
               +--------+--------+--------+--------+--------+-----+--------+

Top non-repeatable levels by time:
     D:1: 406 daAuts
     D:2: 33 daAuts
